[ PARTIDA AOE2 · #506701305 ]
UnrankedIndostaníes vs Britons
Equipo del jugador · DERR
Equipo rival · VICT
[ ANÁLISIS DE REPETICIÓN · EXTRAÍDO DE LA PARTIDA GRABADA ]
Feudal
8:52
Castillos
21:38
Imperial
42:34
| APM promedio | 55.9 |
| APM pico | 105 |
| eAPM promedio | 26.3 |
| Aldeanos / militares | 208 / 124 |
Foco
⚔️ 35.1% · 🌾 64.9%
Ghulam ×58 · Hand Cannoneer ×29 · Scout Cavalry ×12 · Skirmisher ×8 · Scorpion ×7 · Archer ×5
Feudal
10:28
Castillos
22:29
Imperial
38:40
| APM promedio | 57.9 |
| APM pico | 115 |
| eAPM promedio | 33.4 |
| Aldeanos / militares | 158 / 219 |
Foco
⚔️ 43.5% · 🌾 56.5%
Militia ×153 · Archer ×47 · Battering Ram ×12 · Spearman ×3 · Monk ×2 · Mangonel ×2
Mapa de la partida
Recursos iniciales + cada clic de construcción. Líneas = muros · curvas = relieve. ◆ oro · ⬟ piedra · ● bayas · ✦ reliquia · ◌ hueco del cierre
Tu base· Abierta — hueco de 1t
Base de Estudasses· Abierta — hueco de 1t
Terreno inicial suavizado · ◌ = hueco del cierre detectado · pasá el cursor para detalles
Inputs por minuto
— Lootuskukka - - Estudasses
Build order — Lootuskukka
Primeras 150 de 517 acciones detectadas
| 0:00 | Encolar | Villager (Male) |
| 0:00 | Encolar | Villager (Male) |
| 0:01 | Encolar | Villager (Male) |
| 0:02 | Construir | House |
| 0:03 | Construir | House |
| 0:11 | Encolar | Villager (Male) |
| 1:03 | Encolar | Villager (Male) |
| 1:36 | Encolar | Villager (Male) |
| 1:46 | Construir | Lumber Camp |
| 2:02 | Encolar | Villager (Male) |
| 2:02 | Encolar | Villager (Male) |
| 2:44 | Encolar | Villager (Male) |
| 3:19 | Encolar | Villager (Male) |
| 3:19 | Encolar | Villager (Male) |
| 3:45 | Encolar | Villager (Male) |
| 3:45 | Encolar | Villager (Male) |
| 3:51 | Construir | House |
| 3:53 | Construir | House |
| 4:06 | Encolar | Villager (Male) |
| 4:06 | Encolar | Villager (Male) |
| 4:19 | Encolar | Villager (Male) |
| 4:38 | Encolar | Villager (Male) |
| 5:05 | Construir | Mill |
| 5:36 | Investigar | Loom |
| 6:21 | Construir | Palisade Wall |
| 6:22 | Construir | Palisade Wall |
| 6:24 | Construir | Palisade Wall |
| 6:27 | Construir | Palisade Wall |
| 6:42 | Investigar | Feudal Age |
| 7:17 | Construir | Palisade Wall |
| 7:19 | Construir | Palisade Wall |
| 7:21 | Construir | Palisade Wall |
| 7:22 | Construir | Palisade Wall |
| 7:23 | Construir | Palisade Wall |
| 7:24 | Construir | Palisade Wall |
| 7:25 | Construir | Palisade Wall |
| 7:26 | Construir | Palisade Wall |
| 7:40 | Construir | Barracks |
| 8:02 | Construir | Palisade Wall |
| 8:21 | Construir | Palisade Wall |
| 8:47 | Encolar | Villager (Male) |
| 8:52 | Edad | Edad Feudal |
| 8:53 | Construir | Stable |
| 8:56 | Investigar | Double-Bit Axe |
| 8:56 | Encolar | Villager (Male) |
| 9:03 | Encolar | Villager (Male) |
| 9:18 | Construir | House |
| 9:25 | Encolar | Villager (Male) |
| 9:27 | Construir | Farm |
| 9:41 | Encolar | Villager (Male) |
| 9:47 | Encolar | Scout Cavalry |
| 9:47 | Encolar | Scout Cavalry |
| 9:50 | Construir | Farm |
| 10:07 | Construir | Mining Camp |
| 10:14 | Construir | House |
| 10:15 | Encolar | Scout Cavalry |
| 10:17 | Encolar | Villager (Male) |
| 10:23 | Construir | Palisade Wall |
| 10:24 | Construir | Palisade Wall |
| 10:24 | Construir | Palisade Wall |
| 10:25 | Construir | Palisade Wall |
| 10:26 | Construir | Palisade Wall |
| 10:37 | Construir | Palisade Wall |
| 10:55 | Encolar | Scout Cavalry |
| 11:00 | Construir | Archery Range |
| 11:08 | Construir | Palisade Wall |
| 11:13 | Construir | Palisade Wall |
| 11:14 | Construir | Palisade Wall |
| 11:16 | Encolar | Villager (Male) |
| 11:26 | Construir | Farm |
| 11:29 | Encolar | Villager (Male) |
| 11:45 | Construir | Farm |
| 11:53 | Encolar | Archer |
| 11:56 | Construir | House |
| 12:08 | Encolar | Villager (Male) |
| 12:09 | Encolar | Archer |
| 12:12 | Encolar | Villager (Male) |
| 12:14 | Construir | Farm |
| 12:14 | Encolar | Villager (Male) |
| 12:29 | Construir | Farm |
| 12:30 | Encolar | Villager (Male) |
| 12:43 | Encolar | Villager (Male) |
| 12:46 | Construir | Farm |
| 12:57 | Encolar | Skirmisher |
| 13:42 | Encolar | Villager (Male) |
| 13:44 | Construir | Farm |
| 13:45 | Construir | Farm |
| 13:46 | Construir | Farm |
| 13:57 | Encolar | Scout Cavalry |
| 13:59 | Encolar | Scout Cavalry |
| 13:59 | Encolar | Archer |
| 14:04 | Encolar | Archer |
| 14:09 | Encolar | Villager (Male) |
| 14:11 | Construir | Farm |
| 14:19 | Construir | Farm |
| 14:32 | Encolar | Villager (Male) |
| 14:44 | Construir | House |
| 14:55 | Construir | Blacksmith |
| 15:03 | Encolar | Archer |
| 15:09 | Encolar | Scout Cavalry |
| 15:10 | Encolar | Scout Cavalry |
| 15:18 | Construir | Farm |
| 15:32 | Construir | Watch Tower |
| 15:46 | Encolar | Villager (Male) |
| 15:48 | Construir | Farm |
| 15:52 | Construir | House |
| 16:04 | Investigar | Fletching |
| 16:32 | Construir | Farm |
| 16:38 | Construir | Farm |
| 16:49 | Encolar | Villager (Male) |
| 16:56 | Construir | Mining Camp |
| 16:57 | Encolar | Villager (Male) |
| 16:57 | Encolar | Villager (Male) |
| 17:17 | Investigar | Padded Archer Armor |
| 17:36 | Construir | House |
| 17:41 | Construir | House |
| 18:00 | Encolar | Villager (Male) |
| 18:22 | Construir | Market |
| 18:30 | Encolar | Skirmisher |
| 18:30 | Encolar | Skirmisher |
| 18:32 | Encolar | Villager (Male) |
| 18:46 | Investigar | Castle Age |
| 18:57 | Investigar | Horse Collar |
| 19:10 | Construir | Farm |
| 19:16 | Encolar | Skirmisher |
| 19:17 | Encolar | Skirmisher |
| 19:30 | Encolar | Skirmisher |
| 19:39 | Encolar | Skirmisher |
| 19:59 | Encolar | Skirmisher |
| 20:11 | Encolar | Scout Cavalry |
| 20:11 | Encolar | Scout Cavalry |
| 20:16 | Investigar | Stone Mining |
| 20:42 | Construir | Farm |
| 20:43 | Construir | Farm |
| 20:44 | Encolar | Villager (Male) |
| 20:45 | Encolar | Villager (Male) |
| 21:38 | Edad | Edad de los Castillos |
| 21:47 | Investigar | Bodkin Arrow |
| 21:47 | Encolar | Villager (Male) |
| 21:54 | Investigar | Light Cavalry (upgrade) |
| 22:03 | Construir | Town Center |
| 22:04 | Encolar | Villager (Male) |
| 22:15 | Construir | House |
| 22:39 | Encolar | Villager (Male) |
| 22:40 | Encolar | Villager (Male) |
| 22:46 | Encolar | Villager (Male) |
| 22:55 | Encolar | Villager (Male) |
| 22:55 | Encolar | Villager (Male) |
| 23:11 | Encolar | Villager (Male) |
| 23:11 | Encolar | Villager (Male) |
Build order — Estudasses
Primeras 150 de 557 acciones detectadas
| 0:01 | Encolar | Villager (Male) |
| 0:02 | Construir | House |
| 0:02 | Encolar | Villager (Male) |
| 0:03 | Construir | House |
| 0:10 | Encolar | Villager (Male) |
| 0:11 | Encolar | Villager (Male) |
| 0:11 | Encolar | Villager (Male) |
| 1:19 | Encolar | Villager (Male) |
| 1:31 | Construir | Lumber Camp |
| 1:44 | Encolar | Villager (Male) |
| 2:11 | Encolar | Villager (Male) |
| 2:11 | Encolar | Villager (Male) |
| 2:40 | Encolar | Villager (Male) |
| 2:40 | Encolar | Villager (Male) |
| 2:52 | Encolar | Villager (Male) |
| 2:52 | Encolar | Villager (Male) |
| 3:24 | Encolar | Villager (Male) |
| 3:25 | Construir | House |
| 3:56 | Encolar | Villager (Male) |
| 3:57 | Encolar | Villager (Male) |
| 4:00 | Construir | House |
| 4:44 | Encolar | Villager (Male) |
| 4:48 | Construir | Barracks |
| 5:24 | Encolar | Villager (Male) |
| 5:42 | Construir | House |
| 5:43 | Encolar | Militia |
| 5:50 | Encolar | Militia |
| 6:06 | Encolar | Militia |
| 6:07 | Encolar | Villager (Male) |
| 6:18 | Construir | Mining Camp |
| 6:26 | Encolar | Militia |
| 6:38 | Encolar | Villager (Male) |
| 6:57 | Encolar | Villager (Male) |
| 7:11 | Encolar | Villager (Male) |
| 7:30 | Encolar | Villager (Male) |
| 7:36 | Investigar | Loom |
| 8:13 | Investigar | Feudal Age |
| 9:07 | Encolar | Villager (Male) |
| 9:53 | Encolar | Militia |
| 10:10 | Encolar | Militia |
| 10:28 | Edad | Edad Feudal |
| 10:31 | Construir | Archery Range |
| 10:31 | Investigar | Man-at-Arms (upgrade) |
| 10:34 | Investigar | Double-Bit Axe |
| 10:36 | Construir | House |
| 10:48 | Encolar | Villager (Male) |
| 10:52 | Construir | Palisade Wall |
| 10:53 | Construir | Palisade Wall |
| 10:56 | Construir | House |
| 10:57 | Construir | Palisade Wall |
| 10:58 | Construir | Palisade Wall |
| 10:58 | Construir | Palisade Wall |
| 10:59 | Construir | Palisade Wall |
| 11:05 | Encolar | Villager (Male) |
| 11:07 | Construir | House |
| 11:09 | Construir | House |
| 11:17 | Construir | Palisade Gate |
| 11:20 | Encolar | Archer |
| 11:26 | Encolar | Villager (Male) |
| 11:38 | Construir | Mill |
| 11:39 | Encolar | Spearman |
| 11:53 | Encolar | Spearman |
| 12:13 | Construir | House |
| 12:13 | Encolar | Spearman |
| 12:21 | Construir | Mill |
| 12:22 | Encolar | Villager (Male) |
| 12:22 | Encolar | Villager (Male) |
| 12:22 | Encolar | Villager (Male) |
| 12:43 | Investigar | Arson |
| 12:54 | Construir | Mill |
| 12:57 | Encolar | Villager (Male) |
| 13:01 | Construir | Farm |
| 13:03 | Construir | Farm |
| 13:04 | Construir | Farm |
| 13:06 | Construir | Farm |
| 13:08 | Construir | Farm |
| 13:19 | Encolar | Archer |
| 13:23 | Construir | Archery Range |
| 13:31 | Construir | Farm |
| 13:32 | Encolar | Villager (Male) |
| 13:36 | Encolar | Archer |
| 13:46 | Construir | Farm |
| 13:51 | Construir | Farm |
| 13:52 | Encolar | Villager (Male) |
| 13:53 | Encolar | Archer |
| 13:54 | Encolar | Archer |
| 14:08 | Encolar | Archer |
| 14:14 | Construir | Watch Tower |
| 14:21 | Encolar | Archer |
| 14:22 | Encolar | Archer |
| 14:23 | Encolar | Villager (Male) |
| 14:27 | Construir | Farm |
| 14:29 | Construir | Farm |
| 14:35 | Construir | Lumber Camp |
| 14:46 | Encolar | Archer |
| 14:50 | Encolar | Villager (Male) |
| 15:26 | Encolar | Villager (Male) |
| 15:44 | Encolar | Villager (Male) |
| 15:58 | Construir | Palisade Wall |
| 15:59 | Construir | Palisade Wall |
| 16:00 | Construir | Palisade Wall |
| 16:01 | Construir | Palisade Wall |
| 16:15 | Encolar | Villager (Male) |
| 16:15 | Encolar | Villager (Male) |
| 16:15 | Encolar | Villager (Male) |
| 16:17 | Encolar | Archer |
| 16:19 | Encolar | Villager (Male) |
| 16:21 | Construir | Market |
| 16:30 | Construir | House |
| 16:38 | Construir | Blacksmith |
| 16:44 | Encolar | Archer |
| 16:45 | Encolar | Villager (Male) |
| 16:47 | Construir | Lumber Camp |
| 16:52 | Construir | Farm |
| 16:52 | Encolar | Archer |
| 16:53 | Encolar | Archer |
| 17:04 | Encolar | Villager (Male) |
| 17:04 | Encolar | Villager (Male) |
| 17:13 | Encolar | Archer |
| 17:14 | Encolar | Archer |
| 17:34 | Encolar | Archer |
| 17:38 | Investigar | Fletching |
| 17:38 | Investigar | Fletching |
| 17:48 | Construir | Mill |
| 17:53 | Construir | Mill |
| 17:55 | Encolar | Archer |
| 17:55 | Encolar | Archer |
| 17:57 | Encolar | Villager (Male) |
| 18:07 | Construir | Farm |
| 18:13 | Encolar | Archer |
| 18:17 | Construir | Palisade Wall |
| 18:32 | Encolar | Archer |
| 18:32 | Encolar | Archer |
| 18:33 | Encolar | Villager (Male) |
| 19:04 | Encolar | Villager (Male) |
| 19:22 | Construir | House |
| 19:27 | Encolar | Archer |
| 19:28 | Encolar | Archer |
| 19:28 | Encolar | Villager (Male) |
| 19:49 | Investigar | Castle Age |
| 19:49 | Investigar | Castle Age |
| 19:51 | Encolar | Archer |
| 19:51 | Encolar | Archer |
| 20:14 | Investigar | Gold Mining |
| 20:23 | Encolar | Archer |
| 20:23 | Encolar | Archer |
| 20:36 | Encolar | Archer |
| 20:36 | Encolar | Archer |
| 20:40 | Investigar | Horse Collar |
| 20:55 | Encolar | Archer |
Cronología de la partida
| 4:48 | Estudasses · first_building Barracks |
| 6:21 | Lootuskukka · wall_segment Palisade Wall x1 |
| 6:22 | Lootuskukka · wall_segment Palisade Wall x1 |
| 6:24 | Lootuskukka · wall_segment Palisade Wall x1 |
| 6:27 | Lootuskukka · wall_segment Palisade Wall x1 |
| 7:17 | Lootuskukka · wall_segment Palisade Wall x1 |
| 7:19 | Lootuskukka · wall_segment Palisade Wall x1 |
| 7:21 | Lootuskukka · wall_segment Palisade Wall x1 |
| 7:22 | Lootuskukka · wall_segment Palisade Wall x1 |
| 7:23 | Lootuskukka · wall_segment Palisade Wall x1 |
| 7:24 | Lootuskukka · wall_segment Palisade Wall x1 |
| 7:25 | Lootuskukka · wall_segment Palisade Wall x1 |
| 7:26 | Lootuskukka · wall_segment Palisade Wall x1 |
| 7:40 | Lootuskukka · first_building Barracks |
| 8:02 | Lootuskukka · wall_segment Palisade Wall x1 |
| 8:21 | Lootuskukka · wall_segment Palisade Wall x1 |
| 8:52 | Lootuskukka · age_up feudal |
| 8:53 | Lootuskukka · first_building Stable |
| 10:23 | Lootuskukka · wall_segment Palisade Wall x1 |
| 10:24 | Lootuskukka · wall_segment Palisade Wall x1 |
| 10:24 | Lootuskukka · wall_segment Palisade Wall x1 |
| 10:25 | Lootuskukka · wall_segment Palisade Wall x1 |
| 10:26 | Lootuskukka · wall_segment Palisade Wall x1 |
| 10:28 | Estudasses · age_up feudal |
| 10:31 | Estudasses · first_building Archery Range |
| 10:37 | Lootuskukka · wall_segment Palisade Wall x1 |
| 10:52 | Estudasses · wall_segment Palisade Wall x1 |
| 10:53 | Estudasses · wall_segment Palisade Wall x1 |
| 10:57 | Estudasses · wall_segment Palisade Wall x1 |
| 10:58 | Estudasses · wall_segment Palisade Wall x1 |
| 10:58 | Estudasses · wall_segment Palisade Wall x1 |
| 10:59 | Estudasses · wall_segment Palisade Wall x1 |
| 11:00 | Lootuskukka · first_building Archery Range |
| 11:08 | Lootuskukka · wall_segment Palisade Wall x1 |
| 11:13 | Lootuskukka · wall_segment Palisade Wall x1 |
| 11:14 | Lootuskukka · wall_segment Palisade Wall x1 |
| 15:58 | Estudasses · wall_segment Palisade Wall x1 |
| 15:59 | Estudasses · wall_segment Palisade Wall x1 |
| 16:00 | Estudasses · wall_segment Palisade Wall x1 |
| 16:01 | Estudasses · wall_segment Palisade Wall x1 |
| 18:17 | Estudasses · wall_segment Palisade Wall x1 |
| 18:57 | Estudasses · first_market_sell 500 wood |
| 18:58 | Estudasses · first_market_buy 100 food |
| 21:38 | Lootuskukka · age_up castle |
| 22:29 | Estudasses · age_up castle |
| 22:53 | Lootuskukka · first_market_buy 100 stone |
| 23:03 | Lootuskukka · first_market_sell 100 food |
| 23:30 | Lootuskukka · first_building Castle |
| 24:29 | Estudasses · first_building Monastery |
| 27:35 | Estudasses · first_building Siege Workshop |
| 27:39 | Lootuskukka · first_building Siege Workshop |
| 28:22 | Lootuskukka · first_building Monastery |
| 33:59 | Lootuskukka · wall_segment Stone Wall x1 |
| 34:00 | Lootuskukka · wall_segment Stone Wall x1 |
| 34:01 | Lootuskukka · wall_segment Stone Wall x2 |
| 34:03 | Lootuskukka · wall_segment Stone Wall x1 |
| 34:05 | Lootuskukka · wall_segment Stone Wall x1 |
| 34:09 | Lootuskukka · wall_segment Stone Wall x1 |
| 36:02 | Lootuskukka · wall_segment Palisade Wall x1 |
| 38:40 | Estudasses · age_up imperial |
| 42:34 | Lootuskukka · age_up imperial |
| 46:48 | Estudasses · first_building Castle |
| 46:51 | Lootuskukka · resign |
[ ANÁLISIS IA · 1 CRÉDITO ]
¿Qué pasó realmente en esta partida?
Wolo.gg analiza cada decisión: build order, eco, micro, errores típicos por bracket. Análisis personalizado por WhatsApp o Discord en 30 segundos.
Guía civ
Indostaníes
Perfil
Jugador #18413060